 Dungeon Crawl Stone Soup version bcrawl-1.27.8b (webtiles) character file.

Game seed: 12509217562080300790

335544 MisterOstroum the Destroyer (level 11, -6/63 HPs)
             Began as a Mana Stalker Fire Elementalist on Nov 11, 2020.
             Was an Initiate of Uskayaw.
             Killed from afar by an efreet (8 damage)
             ... with a fireball
             ... in a volcano.
             The game lasted 00:40:56 (10131 turns).

MisterOstroum the Destroyer (VSFE)                 Turns: 10131, Time: 00:40:56

Health: -6/63      AC:  6    Str: 11    XL:     11   Next: 34%
Magic:  24/26      EV: 13    Int: 21    God:    Uskayaw [......]
Gold:   450        SH:  0    Dex: 15    Spells: 1/17 levels left

rFire    + . .     SeeInvis .   a - +0 dagger (venom)
rCold    x . .     Gourm    .   (no shield)
rNeg     . . .     Faith    .   g - +0 leather armour
rPois    .         Spirit   .   D - +1 helmet {Int+3}
rElec    .         Reflect  .   (no cloak)
rCorr    .         Harm     .   (no gloves)
MR       ++...                  z - +0 pair of boots
Stlth    +++.......             M - amulet of the acrobat
HPRegen  0.60/turn              Q - ring of magical power
MPRegen  0.20/turn              R - ring of fire (curse)

@: about to teleport
A: fangs 3, magic resistance 1, regeneration 1, antimagic bite, no potion heal
3, rot immunity, strong jaws
a: Renounce Religion


You were in a volcano.
You worshipped Uskayaw.
Uskayaw was noncommittal.
You were not hungry.

You visited 3 branches of the dungeon, and saw 11 of its levels.
You also visited: Volcano.

You collected 450 gold pieces.

Inventory:

Hand Weapons
 a - a +0 dagger of venom (weapon)
 c - a +0 hunting sling
 d - a +0 spear
Missiles
 j - 1064 arrows
 p - 65 poisoned needles
 r - 91 sling bullets
 w - 277 bolts
 y - 813 stones (quivered)
 E - 80 javelins
 L - 74 poisoned tomahawks
 P - 15 curare-tipped needles
Armour
 f - a +0 robe
 g - a +0 leather armour (worn)
 z - a +0 pair of boots (worn)
 D - a +1 helmet of intelligence (worn)
 G - a +1 ring mail of magic resistance
Magical Staves
 b - an uncursed staff of fire {!a}
Jewellery
 k - a +3 ring of evasion
 l - a +4 ring of strength
 C - a cursed ring of teleportation
 F - an uncursed ring of protection from cold
 I - an uncursed amulet of rage
 M - an amulet of the acrobat (around neck)
 Q - a ring of magical power (left hand)
 R - a cursed ring of fire (right hand)
Wands
 K - a wand of flame (9)
 N - a wand of enslavement (7)
Scrolls
 m - 4 scrolls of blinking {@r4}
 n - 2 scrolls of teleportation {@r3 !r}
 t - a scroll of magic mapping {@r5 !r}
 v - 3 scrolls of amnesia
 x - 2 scrolls of enchant armour {unknown}
 A - 3 scrolls of remove curse {@r2}
 B - 2 scrolls of acquirement {unknown}
Potions
 h - 2 potions of berserk rage
 i - a potion of resistance
 o - 6 potions of curing {@q1 !q}
 q - 2 potions of mutation
 u - 2 potions of brilliance
 J - a potion of flight
 O - 3 potions of might
 S - a potion of magic
Comestibles
 e - 16 rations {!d}


   Skills:
 - Level 5.0 Fighting
 - Level 5.4 Short Blades
 - Level 2.0 Slings
 - Level 3.8 Dodging
 - Level 6.6 Stealth
 - Level 3.7 Spellcasting
 - Level 11.0 Conjurations
 - Level 1.5 Charms
 - Level 8.1 Fire Magic
 - Level 4.3 Invocations
 + Level 3.0 Evocations


You had one spell level left.
You knew the following spells:

 Your Spells              Type           Power        Failure   Level  Hunger
a - Flame Tongue          Conj/Fire      #####        1%          1    None
b - Fireball              Conj/Fire      ######....   9%          5    ######.
c - Conjure Flame         Conj/Fire      ######..     1%          3    ###....
d - Sticky Flame          Conj/Fire      ######..     3%          4    #####..
e - Shock                 Conj/Air       ####.        1%          1    None
f - Swiftness             Chrm/Air       #.......     19%         2    None

Your spell library contained the following spells:

 Spells                   Type           Power        Failure   Level  Hunger
 Flaming Arrows           Chrm/Fire      #####...     3%          2    None
 Inner Flame              Hex/Fire       N/A          9%          3    ###....
 Static Discharge         Air            #.......     43%         3    ###....
 Lightning Bolt           Conj/Air       ####......   43%         5    ######.
 Airstrike                Air            #.........   85%         4    #####..


Dungeon Overview and Level Annotations

Branches:
Dungeon (9/12)             Temple (1/1) D:5            Lair (1/6) D:7
    Orc (0/1) D:8

Altars:
Ashenzari
Cheibriados
Dithmenos
Elyvilon
Fedhas
Gozag
Hepliaklqana
Kikubaaqudgha
Lugonu
Makhleb
Nemelex Xobeh
Okawaru
Qazlal
Ru
Sif Muna
Trog
Uskayaw
Vehumet
Wu Jian
Xom
Yredelemnul
Zin
The Shining One

Annotations:
D:8 1 runed translucent door, exclusion: door, MisterOstroum's ghost, novice DjAc


Innate Abilities, Weirdness & Mutations

You have razor-sharp teeth.
You are resistant to hostile enchantments. (MR+)
Your natural rate of healing is unusually fast.
Your bite disrupts and absorbs the magic of your enemies.
Potions cannot restore your health.
You are immune to rotting.
Your bites deal extra damage.


Message History

Unknown command.
Okay, then.
Unknown command.
As you read the scroll of identify {@r1}, it crumbles to dust.
S - a potion of magic Wield which item (- for none, * to show all)? (? for menu, Esc to quit)
Your +0 dagger of venom stops dripping with poison.
b - an uncursed staff of fire (weapon)
{!a} Memorise Swiftness, consuming 2 spell levels and leaving 1?
You start memorising the spell.
You continue memorising. x2
You finish memorising.
Spell assigned to 'f'.
You open the door.
An earth elemental, 2 fire elementals and an efreet come into view.
The efreet is wielding a +3 scimitar of flaming.
Found a bloodstained altar of Trog.
Unknown command.
Press: ? - help, v - describe, . - travel
Here: a fire elemental
There is an open door here.
Evoke which item? (* to show all) (? for menu, Esc to quit)
Okay, then.
Press: ? - help, v - describe, . - travel
Here: an efreet, wielding a +3 scimitar of flaming (resting)
The fire elemental completely misses you.
Unknown command.
Unknown command.
Unknown command.
Evoke which item? (* to show all) (? for menu, Esc to quit)
Aiming: Enslavement
Press: ? - help, Shift-Dir - straight line, f - earth elemental
Aim: an earth elemental (resting, magic immune)
Okay, then.
Unknown command.
Unknown command.
Unknown command.
The efreet gestures at you.
The fireball explodes!
The fireball engulfs the fire elemental.
The fire elemental completely resists.
You resist. The fireball engulfs you!
The fire elemental completely misses you.
Unknown command.
Wield which item (- for none, * to show all)? (? for menu, Esc to quit)
Your +0 dagger of venom begins to drip with poison!
a - a +0 dagger of venom (weapon)
The efreet gestures at you.
The bolt of fire hits the fire elemental.
The fire elemental completely resists.
The bolt of fire misses you.
You hit the fire elemental but do no damage.
The fire elemental hits you. The fire elemental burns you! You resist.
You hit the fire elemental.
The fire elemental is lightly damaged.
The fire elemental misses you.
You hit the fire elemental but do no damage.
You bite the fire elemental. You drain its power.
The fire elemental is lightly damaged.
The fire elemental hits you. The fire elemental burns you! You resist.
You stomp with the beat, sending a shockwave through the revelers around you!
The fire elemental is heavily damaged.
You feel somewhat more hungry.
You can no longer stomp with the beat.
The fire elemental hits you. The fire elemental burns you! You resist.
The efreet gestures at you.
The bolt of fire hits the fire elemental.
The fire elemental completely resists.
You resist. The bolt of fire hits you!
You hit the fire elemental. You bite the fire elemental! You drain its power.
You feel invigorated.
The fire elemental is severely damaged.
The fire elemental closely misses you.
You can now stomp with the beat.
You hit the fire elemental but do no damage.
Your bite misses the fire elemental.
The fire elemental is severely damaged.
The fire elemental hits you. The fire elemental burns you! You resist.
You stomp with the beat, sending a shockwave through the revelers around you!
The fire elemental is severely damaged.
You feel somewhat more hungry.
You can no longer stomp with the beat.
The fire elemental misses you.
You hit the fire elemental.
The fire elemental is severely damaged.
The fire elemental hits you. The fire elemental burns you! You resist.
You hit the fire elemental but do no damage.
You bite the fire elemental, but do no damage.
The fire elemental is severely damaged.
The fire elemental hits you. The fire elemental burns you! You resist.
The efreet gestures at you.
The bolt of fire hits the fire elemental.
The fire elemental completely resists.
You resist. The bolt of fire hits you!
* * * LOW HITPOINT WARNING * * *
Really read
n - 3 scrolls of teleportation {@r3 !r}?
As you read the scroll of teleportation {@r3 !r}, it crumbles to dust.
You feel strangely unstable. The fire elemental barely misses you.
The fire elemental hits you. The fire elemental burns you! You resist.
* * * LOW HITPOINT WARNING * * *
The efreet gestures at you.
The fireball explodes!
The fireball engulfs the fire elemental.
The fire elemental completely resists.
The fireball engulfs the efreet.
The efreet completely resists.
You resist. The fireball engulfs you!
You die...

○≈≈≈≈§§§# .8○8. ≈≈§§≈§≈.# ...
≈§≈≈§≈≈.###++###'#
§≈§§§§§.#......#.#
≈§≈§≈≈≈.######.#E# ≈≈§≈≈≈..# #E#
§≈≈≈≈§≈.# #R# ≈≈≈≈§≈§.# #E#
§§§§≈≈≈.# #@#
≈≈§≈≈≈≈§########+######
§§§§§§≈§.............§§ §
≈≈§§≈≈§§≈§§§≈≈§≈≈§≈≈≈§≈§§°°○§≈§§§
§≈§§§§≈§§≈≈§≈≈≈≈≈≈§≈≈§≈§≈≈≈○§§≈≈§
§≈§≈≈≈≈≈§≈≈§§≈≈§≈≈≈≈§§≈§≈≈°○≈§§§§
≈§≈§≈≈≈§§§≈≈§§≈≈≈≈≈≈§≈§≈§≈≈○≈§§§§
..≈≈§≈≈≈§≈≈≈≈≈§§§≈≈≈§≈§≈≈≈≈○§§§§§
...≈§≈§≈≈≈≈≈≈≈≈§≈§≈§§..≈≈§§☼≈§≈§§


You could see an earth elemental, an efreet and 2 fire elementals.

Vanquished Creatures
  A komodo dragon (Lair:1)
  A troll (D:7)
  A hippogriff (D:7)
  11 yaks
  A wyvern (D:7)
  2 fire bats (Volcano)
  A basilisk (D:7)
  2 hungry ghosts
  3 wargs (D:8)
  4 crocodiles
  3 soldier ants (D:8)
  Duvessa (D:4)
  3 porcupines (D:7)
  3 water moccasins
  3 sky beasts
  A hornet zombie (D:9)
  An orc warrior (D:6)
  3 ice beasts
  A black bear (D:6)
  3 ogres
  4 centaurs
  7 bullfrogs
  Blork the orc (D:4)
  A gnoll sergeant (D:7)
  Dowan (D:4)
  2 scorpions
  3 wights (D:8)
  4 howler monkeys
  3 crimson imps
  2 quasits (D:7)
  5 lava snakes (Volcano)
  A bullfrog zombie (D:5)
  2 jellies
  An orc priest (D:5)
  A hound (D:7)
  2 bullfrog skeletons
  Jessica (D:2)
  4 iguanas
  Natasha (thrice) (D:4)
  2 orc wizards
  7 worker ants
  Terence (D:2)
  A howler monkey zombie (D:6)
  2 worker ant zombies
  Robin (D:4)
  8 gnolls (D:7)
  A howler monkey skeleton (D:4)
  8 adders
  2 shadow imps
  An adder skeleton (D:6)
  8 worms
  5 dart slugs
  5 leopard geckos
  18 orcs
  14 goblins
  12 hobgoblins
  15 jackals
  7 kobolds
  8 quokkas
  2 ball pythons
  6 bats
  4 frilled lizards
  5 rats
240 creatures vanquished.

Vanquished Creatures (others)
  A fungus (Lair:1)
  3 plants (D:7)
4 creatures vanquished.

Grand Total: 244 creatures vanquished

Notes
Turn   | Place    | Note
-------+----------+-------------------------------------------
     0 | D:1      | MisterOstroum the Vine Stalker Fire Elementalist began the
                  | quest for the Orb.
     0 | D:1      | Reached XP level 1. HP: 10/10 MP: 4/4
   139 | D:1      | Reached XP level 2. HP: 15/15 MP: 0/6
   664 | D:1      | Reached XP level 3. HP: 20/20 MP: 4/7
   693 | D:1      | Reached skill level 1 in Fighting
   776 | D:1      | Learned a level 2 spell: Flaming Arrows
   780 | D:1      | Learned a level 3 spell: Conjure Flame
  1084 | D:2      | Found a blossoming altar of Fedhas.
  1121 | D:2      | Noticed Terence
  1192 | D:2      | Killed Terence
  1192 | D:2      | Reached skill level 1 in Short Blades
  1192 | D:2      | Reached skill level 2 in Conjurations
  1192 | D:2      | Reached XP level 4. HP: 25/25 MP: 1/8
  1502 | D:2      | Noticed Jessica
  1590 | D:2      | Found an ornate altar of the Wu Jian Council.
  1596 | D:2      | Found a sparkling altar of Nemelex Xobeh.
  1596 | D:2      | Found a glowing silver altar of Zin.
  1606 | D:2      | Found an iron altar of Okawaru.
  1606 | D:2      | Found a shattered altar of Ashenzari.
  1778 | D:3      | Noticed a +0 hand axe
  1778 | D:3      | Noticed a +0 dagger
  1779 | D:3      | Found a hide-covered altar of Uskayaw.
  2121 | D:3      | Reached XP level 5. HP: 29/29 MP: 9/9
  2332 | D:3      | Noticed a centaur
  2671 | D:4      | Reached skill level 3 in Conjurations
  2714 | D:4      | Noticed Robin
  2787 | D:4      | Killed Robin
  2788 | D:4      | Noticed a sky beast
  3077 | D:4      | Noticed Dowan
  3196 | D:4      | Gained mutation: You have razor-sharp teeth. [Vine Stalker
                  | growth]
  3196 | D:4      | Reached XP level 6. HP: 34/34 MP: 6/10
  3544 | D:4      | Reached skill level 1 in Charms
  3709 | D:4      | Noticed Natasha
  3725 | D:4      | Killed Natasha
  3725 | D:4      | Reached skill level 4 in Conjurations
  3768 | D:4      | Found a white marble altar of Elyvilon.
  3776 | D:4      | Became a worshipper of Elyvilon the Healer
  3841 | D:4      | Noticed Blork the orc
  3850 | D:4      | Killed Blork the orc
  3850 | D:4      | Reached XP level 7. HP: 29/38 MP: 8/12
  4068 | D:4      | Noticed Natasha
  4074 | D:4      | Killed Natasha
  4180 | D:4      | Noticed Natasha
  4185 | D:4      | Killed Natasha
  4232 | D:5      | Entered Level 5 of the Dungeon
  4305 | D:5      | Found a staircase to the Ecumenical Temple.
  4325 | Temple   | Entered the Ecumenical Temple
  4372 | Temple   | Learned a level 4 spell: Sticky Flame
  4707 | D:3      | Fell from the grace of Elyvilon
  4707 | D:3      | Became a worshipper of Uskayaw the Reveler
  4804 | D:5      | Reached * piety under Uskayaw
  4807 | D:5      | Reached skill level 5 in Conjurations
  4807 | D:5      | Reached skill level 5 in Fire Magic
  4807 | D:5      | Reached ** piety under Uskayaw
  4811 | D:5      | Reached *** piety under Uskayaw
  4815 | D:5      | Reached **** piety under Uskayaw
  4825 | D:5      | Gained mutation: Your bite disrupts and absorbs the magic
                  | of your enemies. [Mana Stalker growth]
  4825 | D:5      | Gained mutation: You are resistant to hostile enchantments.
                  | (MR+) [Mana Stalker growth]
  4825 | D:5      | Reached XP level 8. HP: 38/44 MP: 0/13
  5050 | D:5      | Reached skill level 6 in Conjurations
  5381 | D:5      | Found a shimmering blue altar of Sif Muna.
  5449 | D:6      | Reached skill level 7 in Conjurations
  5499 | D:4      | Noticed Duvessa
  5513 | D:4      | Killed Dowan
  5514 | D:4      | Killed Duvessa
  5514 | D:4      | Reached skill level 8 in Conjurations
  5938 | D:2      | Killed Jessica
  6122 | D:6      | Reached skill level 9 in Conjurations
  6309 | D:6      | Reached XP level 9. HP: 48/48 MP: 9/14
  6321 | D:6      | Reached skill level 1 in Invocations
  6728 | D:6      | HP: 2/48 [poisoned by a water moccasin]
  6733 | D:6      | HP: 2/48 [poisoned by a water moccasin]
  7274 | D:7      | Noticed a troll
  7340 | D:7      | Reached skill level 10 in Conjurations
  7505 | D:7      | Killed a troll
  7505 | D:7      | Reached skill level 5 in Fighting
  7580 | D:7      | Reached skill level 5 in Stealth
  7595 | D:7      | Learned a level 5 spell: Fireball
  7634 | D:7      | Found an opulent altar of Gozag.
  7671 | D:7      | Reached XP level 10. HP: 59/59 MP: 4/15
  7887 | D:7      | Found a staircase to the Lair.
  8116 | D:7      | Reached ***** piety under Uskayaw
  8134 | D:7      | Found a bloodstained altar of Trog.
  8370 | D:8      | Found a runed translucent door.
  8375 | D:8      | Noticed MisterOstroum's ghost (novice DjAc)
  8475 | D:8      | Found a staircase to the Orcish Mines.
  8509 | D:8      | Reached skill level 11 in Conjurations
  8831 | D:8      | Reached skill level 1 in Evocations
  9180 | D:9      | Reached XP level 11. HP: 63/63 MP: 15/17
  9185 | D:9      | Noticed an eight-headed hydra
  9233 | Lair:1   | Entered Level 1 of the Lair of Beasts
  9456 | Lair:1   | Noticed a five-headed hydra
  9460 | Lair:1   | Reached skill level 5 in Short Blades
  9547 | Lair:1   | Found a dark tunnel.
  9554 | Volcano  | Entered a volcano
  9605 | Volcano  | Learned a level 1 spell: Shock
  9916 | Volcano  | Reached skill level 1 in Slings
 10115 | Volcano  | Learned a level 2 spell: Swiftness
 10115 | Volcano  | Found a bloodstained altar of Trog.
 10131 | Volcano  | HP: 2/63 [fire elemental (6)]
 10131 | Volcano  | Killed from afar by an efreet

Skill      XL: |  1  2  3  4  5  6  7  8  9 10 11 |
---------------+----------------------------------+-----
Fighting       | 1 2 5 |  5.0
Short Blades   | 1 2 5 |  5.4
Conjurations   | 2 3 4 5 9 10 11 | 11.0
Fire Magic     | 4 5 6 7 8 |  8.1
Stealth        | 4 5 6 |  6.6
Charms         | 1 |  1.5
Spellcasting   | 3 |  3.7
Invocations    | 2 4 |  4.3
Dodging        | 3 |  3.8
Evocations     | 2 3 |  3.0
Slings         | 2 |  2.0

Action                   |  1- 3 |  4- 6 |  7- 9 | 10-12 || total
-------------------------+-------+-------+-------+-------++-------
Melee: Dagger            |    37 |    24 |    27 |    77 ||   165
       Bite              |     2 |     2 |    15 |    17 ||    36
       Short sword       |       |    13 |       |       ||    13
       Staff             |       |     3 |       |       ||     3
       Spear             |       |     2 |    16 |       ||    18
 Fire: Hunting sling     |    17 |    36 |       |   110 ||   163
Throw: Stone             |     5 |     2 |     3 |     3 ||    13
 Cast: Flame Tongue      |    54 |   111 |   203 |   110 ||   478
       Conjure Flame     |     2 |     2 |     5 |     1 ||    10
       Flaming Arrows    |     1 |     1 |       |       ||     2
       Sticky Flame      |       |       |     6 |    13 ||    19
       Fireball          |       |       |     1 |    26 ||    27
       Shock             |       |       |       |     5 ||     5
Invok: Stomp             |       |       |     2 |     2 ||     4
  Use: Scroll            |     3 |     2 |     8 |     5 ||    18
 Stab: Sleeping          |     1 |     1 |     1 |     2 ||     5
       Paralysed         |       |       |       |     2 ||     2
  Eat: Chunk             |     3 |    12 |    17 |    14 ||    46
       Ration            |       |     1 |       |     2 ||     3
Armor: Robe              |    15 |    15 |    13 |    19 ||    62
       Leather armour    |       |       |       |    13 ||    13
       Ring mail         |       |       |       |     1 ||     1
Dodge: Dodged            |    69 |    76 |   111 |   135 ||   391
